 Dungeon Crawl Stone Soup version 0.20.0-15-g7f486f2 (webtiles) character file.

2004 Pikken the Grappler (level 9, 0/88 HPs)
             Began as a Troll Monk on June 18, 2017.
             Was a High Priest of Trog.
             Slain by an orc warrior
             ... wielding a cursed -3 war axe
              (14 damage)
             ... on level 6 of the Dungeon.
             The game lasted 00:21:18 (5458 turns).

Pikken the Grappler (Troll Monk)                    Turns: 5458, Time: 00:21:18

Health: 0/88       AC: 10    Str: 21    XL:     9   Next: 2%
Magic:  8/8        EV: 12    Int:  6    God:    Trog [*****.]
Gold:   329        SH:  0    Dex: 15    Spells: 8/8 levels left

rFire    + . .     SeeInvis .     - Unarmed
rCold    . . .     Gourm    +   (no shield)
rNeg     . . .     Faith    .   k - +2 robe {rF+}
rPois    .         Spirit   .   (helmet restricted)
rElec    .         Reflect  .   (no cloak)
rCorr    .         Harm     .   (gloves unavailable)
MR       .....                  (boots unavailable)
Stlth    +++.......             (no amulet)
Regen    0.7/turn               e - +3 ring of protection
MPRegen  0.2/turn               t - ring of stealth

@: hasted, very quick
A: unfitting armour, claws 3, fast metabolism 3, gourmand, regeneration 1,
shaggy fur 1, tough skin 2
a: Berserk, Trog's Hand, Brothers in Arms, Burn Spellbooks, Renounce Religion


You were on level 6 of the Dungeon.
You worshipped Trog.
Trog was extremely pleased with you.
You were completely stuffed.

You visited 1 branch of the dungeon, and saw 6 of its levels.
You also visited: Ossuary.

You collected 329 gold pieces.

Inventory:

Hand Weapons
 p - a +0 short sword
Armour
 g - a +0 animal skin
 k - a +2 robe of fire resistance (worn)
Jewellery
 e - a +3 ring of protection (left claw)
 t - a ring of stealth (right claw)
Wands
 n - a wand of confusion (27/48)
 y - a wand of polymorph (17/24)
 A - a wand of digging (12/24)
Scrolls
 a - 2 scrolls of teleportation
 r - 2 scrolls of fog
 s - a scroll of identify
 w - a scroll of enchant armour {unknown}
 x - a scroll of recharging {unknown}
Potions
 c - a potion of haste
 h - a potion of cancellation
 i - 4 potions of ambrosia
 j - 2 potions of might {unknown}
 l - 2 potions of agility
 m - a potion of flight
 o - 4 potions of heal wounds
 q - 3 potions of lignification
 u - a potion of berserk rage {unknown}
 z - a potion of curing
Comestibles
 b - 6 bread rations
 d - 4 meat rations
 f - 4 royal jellies
 v - 4 chunks of flesh


   Skills:
 * Level 5.0 Fighting
 + Level 4.9 Dodging
 - Level 1.0 Stealth
 + Level 9.6 Unarmed Combat


You had 8 spell levels left.
You didn't know any spells.

Dungeon Overview and Level Annotations

Branches:
Dungeon (6/15)             Temple (0/1) D:6

Altars:
Ashenzari
Fedhas
Kikubaaqudgha
Nemelex Xobeh
Ru
Sif Muna
Trog
Uskayaw
Zin


Innate Abilities, Weirdness & Mutations

You are too large for most types of armour.
You have claws for hands.
Your metabolism is lightning-fast.
You like to eat raw meat.
Your natural rate of healing is unusually fast.
You are covered in fur. (AC +1)
You have very tough skin. (AC +2)


Message History

You hear some strange, mumbled words.
A magic dart appears from out of thin air!
The magic dart hits you!
You claw something! You scratch something.
Something hits you but does no damage.
You miss something. Something hits you but does no damage.
You miss something. Your claw misses something. Something hits you.
The orc warrior hits you with an enchanted war axe!
* * * LOW HITPOINT WARNING * * *
You miss something. Your claw misses something.
You hear some strange, mumbled words.
A puff of frost appears from out of thin air!
The puff of frost hits you!
* * * LOW HITPOINT WARNING * * *
You miss something. The orc warrior barely misses you.
You barely miss something. Something hits you but does no damage.
You barely miss something. Something hits you.
* * * LOW HITPOINT WARNING * * *
The orc warrior hits you with an enchanted war axe!
You die...

#.##### ####...'..>..+
#.....####..oo.##.⌠.⌠.#
#####......######.....#
......#.....)..####+###
#####......###.###..#
##.....# #......#
#...##..##.%....#
###.#.###.##.o{...#
###...#.# ..#..@..$#
....###.# #.###.####
#####...# ... #...###
..... ###.### .##.###
...<# .# #)# ...## ##
#.# .### #.. ..#


You could see an orc warrior.

Vanquished Creatures
  Eustachio (D:5)
  Menkaure (D:4)
  A phantom (D:4)
  2 ogres
  A centaur (D:5)
  Blork the orc (D:5)
  An elf zombie (Ossuary)
  A scorpion (D:4)
  A howler monkey (D:4)
  2 centaur zombies (Ossuary)
  2 human zombies (Ossuary)
  5 orc priests
  A jelly (D:5)
  3 hounds
  A centaur skeleton (D:4)
  A gnoll shaman (D:5)
  6 orc wizards
  Natasha (thrice) (D:3)
  2 iguanas
  3 worker ants
  A big kobold zombie (Ossuary)
  2 mummies (Ossuary)
  Robin (D:4)
  9 gnolls
  10 adders
  A shadow imp (D:6)
  An ooze (D:5)
  A worm (D:4)
  2 dart slugs
  4 leopard geckos
  16 orcs
  A ball python (D:4)
  7 giant cockroaches
  15 goblins
  6 hobgoblins
  6 jackals
  9 kobolds
  3 quokkas
  4 bats
  2 frilled lizards
  2 goblin zombies (Ossuary)
  6 hobgoblin zombies (Ossuary)
  A jackal zombie (Ossuary)
  15 kobold zombies (Ossuary)
  6 orc zombies (Ossuary)
  A quokka skeleton (D:4)
  A quokka zombie (D:6)
  8 rats
  A rat zombie (Ossuary)
181 creatures vanquished.

Notes
Turn   | Place    | Note
-------+----------+-------------------------------------------
     0 | D:1      | Pikken the Troll Monk began the quest for the Orb.
     0 | D:1      | Reached XP level 1. HP: 22/22 MP: 0/0
   170 | D:1      | Reached XP level 2. HP: 29/29 MP: 1/1
   515 | D:2      | Reached XP level 3. HP: 31/36 MP: 2/2
   534 | D:2      | Found a sacrificial altar of Ru.
   639 | D:2      | Reached XP level 4. HP: 11/44 MP: 3/3
   735 | D:2      | Found a sparkling altar of Nemelex Xobeh.
  1161 | D:2      | Reached skill level 4 in Unarmed Combat
  1350 | D:3      | Reached XP level 5. HP: 53/53 MP: 4/4
  1514 | D:3      | Found a bloodstained altar of Trog.
  1545 | D:3      | Became a worshipper of Trog the Wrathful
  1545 | D:3      | Reached * piety under Trog
  1545 | D:3      | Reached ** piety under Trog
  1571 | D:3      | Noticed Natasha
  1573 | D:3      | Killed Natasha
  1573 | D:3      | Reached skill level 5 in Unarmed Combat
  1585 | D:3      | Reached XP level 6. HP: 61/61 MP: 5/5
  1631 | D:3      | Noticed Natasha
  1638 | D:3      | Killed Natasha
  1697 | D:3      | Noticed Natasha
  1701 | D:3      | Killed Natasha
  1861 | D:3      | Found a hide-covered altar of Uskayaw.
  2141 | D:4      | Reached skill level 6 in Unarmed Combat
  2176 | D:4      | Reached XP level 7. HP: 62/67 MP: 6/6
  2266 | D:4      | Noticed Menkaure
  3648 | D:4      | Noticed Robin
  3651 | D:4      | Reached *** piety under Trog
  3663 | D:4      | Killed Robin
  3701 | D:4      | Killed Menkaure
  3701 | D:4      | Reached skill level 7 in Unarmed Combat
  3991 | D:5      | Entered Level 5 of the Dungeon
  4035 | D:5      | Found a blossoming altar of Fedhas.
  4035 | D:5      | Found an ancient bone altar of Kikubaaqudgha.
  4035 | D:5      | Found a deep blue altar of Sif Muna.
  4104 | D:5      | Received a gift from Trog
  4296 | D:5      | Reached XP level 8. HP: 78/78 MP: 7/7
  4300 | D:5      | Noticed Blork the orc
  4321 | D:5      | Killed Blork the orc
  4321 | D:5      | Reached skill level 8 in Unarmed Combat
  4656 | D:5      | Found a sand-covered staircase.
  4665 | Ossuary  | Entered an ossuary
  4706 | Ossuary  | Reached **** piety under Trog
  4814 | Ossuary  | Reached skill level 9 in Unarmed Combat
  4971 | D:5      | Noticed Eustachio
  4992 | D:5      | Killed Eustachio
  4996 | D:5      | Found a glowing silver altar of Zin.
  5243 | D:6      | Reached skill level 5 in Fighting
  5295 | D:6      | Found a shattered altar of Ashenzari.
  5408 | D:6      | Found a staircase to the Ecumenical Temple.
  5438 | D:6      | Reached ***** piety under Trog
  5438 | D:6      | Reached XP level 9. HP: 46/88 MP: 8/8
  5458 | D:6      | Slain by an orc warrior

Skill      XL: |  1  2  3  4  5  6  7  8 |
---------------+-------------------------+-----
Dodging        | 3 4 |  4.9
Unarmed Combat | 4 5 6 7 9 |  9.6
Fighting       | 3 4 5 |  5.0
Stealth        | |  1.0

Action                   |  1- 3 |  4- 6 |  7- 9 || total
-------------------------+-------+-------+-------++-------
Melee: Unarmed           |    79 |   174 |   258 ||   511
       Punch             |       |     1 |    14 ||    15
Invok: Berserk           |       |       |     1 ||     1
  Use: Scroll            |     4 |     2 |     3 ||     9
       Potion            |       |       |    14 ||    14
 Stab: Sleeping          |     1 |     1 |     4 ||     6
  Eat: Chunk             |    11 |    15 |    21 ||    47
       Meat ration       |       |       |     1 ||     1
       Bread ration      |       |       |     1 ||     1
Armor: Robe              |    25 |    54 |    76 ||   155
Dodge: Dodged            |    30 |    79 |   117 ||   226
Block: Large shield      |    29 |    11 |       ||    40
